Map: 环轨星港

Players

ArkhamArchon

  • Race: Protoss Protoss
  • League: Gold

shengy - Winner!

  • Race: Zerg Zerg
  • League: Platinum

VOD

Have the link to the VOD?

Description

Time

  • Played on: Dec. 27, 2015, 4:18 p.m.
  • Length: 14:32
Show
View Real Time Build Order
Export as new Build Order

ArkhamArchon Protoss 

Build Orders:  

Get SALT Encoding   

  12  0:02  Probe (Chrono Boost)  
  13  0:13  Probe (Chrono Boost)  
  14  0:22  Pylon  
  14  0:24  Probe (Chrono Boost)  
  15  0:41  Probe (Chrono Boost)  
  16  0:51  Probe (Chrono Boost)  
  17  1:09  Probe (Chrono Boost)  
  18  1:13  Nexus  
  18  1:24  Gateway, Probe (Chrono Boost)  
  19  1:32  Assimilator  
  19  1:34  Probe (Chrono Boost)  
  19  1:37  Assimilator  
  20  1:45  Probe (Chrono Boost)  
  21  1:48  Pylon  
  21  1:55  Gateway, Probe (Chrono Boost)  
  22  2:06  Probe (Chrono Boost)  
  23  2:12  Cybernetics Core  
  23  2:16  Probe (Chrono Boost)  
  24  2:24  Zealot  
  24  2:27  Probe (Chrono Boost)  
  27  2:32  Probe (Chrono Boost)  
  28  2:37  Probe (Chrono Boost)  
  28  2:42  Pylon  
  31  2:44  Zealot  
  31  2:49  Probe (Chrono Boost)  
  33  2:52  Warp Gate  
  33  2:55  Mothership Core (Chrono Boost)  
  34  3:01  Probe (Chrono Boost)  
  35  3:11  Robotics Facility  
  35  3:12  Probe (Chrono Boost)  
  36  3:14  Probe (Chrono Boost)  
  36  3:18  Adept  
  39  3:22  Adept  
  39  3:23  Probe (Chrono Boost)  
  39  3:25  Probe (Chrono Boost)  
  43  3:33  Probe (Chrono Boost)  
  44  3:43  Probe (Chrono Boost)  
  44  3:44  Probe (Chrono Boost)  
  46  3:51  Assimilator  
  46  3:53  Probe (Chrono Boost)  
  46  3:54  Probe (Chrono Boost), Assimilator  
  48  4:01  Gateway  
  48  4:03  Gateway  
  48  4:06  Warp Prism  
  48  4:07  Gateway  
  50  4:30  Probe (Chrono Boost)  
  51  4:32  Pylon  
  51  4:34  Pylon  
  51  4:40  Probe (Chrono Boost)  
  52  4:53  Nexus  
  21  5:37  Pylon  
  21  5:40  Zealot  
  21  5:42  Zealot  
  24  5:43  Zealot x2  
  27  6:02  Probe x2 (Chrono Boost)  
  25  6:11  Zealot  
  25  6:12  Probe (Chrono Boost)  
  25  6:13  Probe (Chrono Boost)  
  29  6:27  Zealot  
  29  6:28  Zealot  
  29  6:50  Adept x4  
  37  7:13  Probe x2 (Chrono Boost)  
  39  7:18  Zealot x3  
  39  7:19  Zealot  
  35  7:28  Probe x2 (Chrono Boost)  
  37  7:38  Probe x2 (Chrono Boost)  
  37  7:40  Adept  
  41  7:48  Nexus  
  41  7:49  Probe x2 (Chrono Boost)  
  43  7:56  Pylon  
  43  7:58  Pylon  
  43  7:59  Probe (Chrono Boost)  
  43  8:02  Probe (Chrono Boost)  
  45  8:13  Probe (Chrono Boost)  
  45  8:16  Forge  
  45  8:19  Forge  
  46  8:23  Probe (Chrono Boost)  
  47  8:29  Twilight Council  
  48  8:34  Probe (Chrono Boost)  
  48  8:45  Probe (Chrono Boost)  
  49  8:50  Adept  
  49  8:51  Adept x3  
  49  8:52  Adept  
  49  8:55  Probe (Chrono Boost)  
  54  9:06  Probe (Chrono Boost)  
  53  9:19  Probe (Chrono Boost)  
  53  9:20  Probe x2 (Chrono Boost)  
  53  9:22  Resonating Glaives (Chrono Boost)  
  53  9:23  Protoss Ground Weapons Level 1 (Chrono Boost), Protoss Ground Armor Level 1 (Chrono Boost)  
  54  9:24  Zealot x3  
  54  9:25  Zealot x2  
  54  9:30  Probe (Chrono Boost)  
  65  9:37  Probe  
  65  9:38  Probe  
  65  9:42  Probe  
  66  9:48  Probe  
  66  9:51  Probe  
  66  9:54  Probe  
  67  10:03  Adept x4  
  67  10:06  Probe  
  68  10:12  Gateway  
  66  10:14  Gateway  
  66  10:16  Gateway  
  66  10:18  Probe  
  66  10:21  Warp Prism  
  69  10:30  Probe  
  70  10:35  Pylon, Stalker  
  70  10:36  Stalker x4  
  70  10:39  Pylon  
  80  10:53  Protoss Ground Weapons Level 2, Probe x3  
  80  10:56  Protoss Ground Armor Level 2  
  83  10:58  Charge (Chrono Boost)  
  83  11:05  Probe  
  83  11:06  Zealot x5  
  94  11:28  Dark Shrine  
  94  11:34  Assimilator  
  94  11:36  Assimilator  
  94  11:46  Robotics Bay  
  94  11:47  Probe x3  
  97  11:59  Probe  
  98  12:03  Pylon  
  98  12:04  Pylon  
  98  12:06  Pylon  
  71  12:18  Zealot x5  
  71  12:19  Zealot x3  
  65  12:40  Dark Templar x2  
  65  12:41  Dark Templar x2  
  69  12:54  Dark Templar  
  56  13:14  Dark Templar x3  
  59  13:38  Probe  
  60  13:50  Probe  
  60  13:52  Nexus  
  60  13:53  Disruptor  
  64  13:56  Assimilator  
  64  14:00  Assimilator  
  64  14:02  Pylon, Probe  
  65  14:05  Pylon  
  65  14:06  Pylon  
Show
View Real Time Build Order
Export as new Build Order

shengy Zerg - Winner!

Build Orders: Hatch First, Zergling Baneling 

Get SALT Encoding   

  12  0:01  Drone  
  13  0:09  Drone  
  14  0:18  Overlord  
  14  0:36  Drone x3  
  18  0:50  Drone  
  18  0:57  Hatchery  
  18  1:01  Drone  
  18  1:14  Spawning Pool  
  18  1:16  Drone  
  18  1:33  Drone, Extractor  
  18  1:39  Drone  
  19  1:41  Drone  
  20  1:53  Overlord  
  20  2:02  Drone  
  20  2:08  Queen  
  21  2:14  Queen  
  25  2:20  Drone x2  
  27  2:32  Drone x3  
  27  2:37  Metabolic Boost  
  30  2:45  Drone  
  30  2:48  Overlord, Zergling x2  
  32  2:57  Baneling Nest  
  31  2:58  Overlord  
  31  3:04  Drone  
  31  3:05  Drone  
  33  3:27  Zergling x2  
  33  3:28  Zergling x10  
  40  3:34  Zergling x8  
  40  3:40  Zergling x2  
  40  3:41  Zergling x2  
  45  3:43  Baneling x2  
  45  3:51  Zergling x2  
  45  3:52  Zergling x6  
  49  3:59  Overlord  
  49  4:02  Overlord  
  49  4:03  Zergling x6  
  49  4:07  Baneling x5  
  49  4:08  Baneling  
  52  4:22  Spine Crawler  
  50  4:32  Spine Crawler  
  39  4:50  Baneling x2  
  39  4:51  Baneling  
  35  4:59  Zergling x6  
  39  5:00  Zergling x20  
  39  5:03  Queen  
  40  5:26  Zergling x2  
  40  5:27  Zergling x8  
  40  5:45  Drone  
  40  5:46  Drone x5  
  40  5:49  Roach Warren  
  44  5:51  Extractor  
  43  6:03  Zergling x6  
  44  6:11  Baneling  
  44  6:12  Baneling x2  
  44  6:16  Drone x8  
  46  6:42  Drone  
  46  6:43  Drone x3  
  50  6:49  Extractor  
  49  7:04  Hatchery  
  49  7:06  Zergling x12  
  52  7:26  Drone x7  
  52  7:28  Lair  
  58  7:39  Drone  
  59  7:49  Drone x2  
  59  7:50  Drone x3  
  64  7:51  Overlord  
  64  7:55  Evolution Chamber  
  64  7:56  Evolution Chamber  
  62  8:00  Drone x3  
  62  8:01  Drone  
  66  8:21  Extractor  
  65  8:31  Roach x2  
  65  8:32  Roach x6  
  81  8:42  Zerg Missile Weapons Level 1, Zerg Ground Armor Level 1  
  81  8:45  Glial Reconstitution  
  81  8:53  Queen  
  81  9:02  Roach x2  
  82  9:03  Roach  
  80  9:11  Ravager  
  80  9:13  Overlord x3  
  81  9:20  Ravager  
  82  9:29  Overlord x3  
  82  9:30  Overlord x2  
  82  9:35  Ravager x4  
  86  9:55  Roach  
  86  9:56  Roach x8  
  104  10:12  Extractor  
  103  10:17  Extractor, Overlord x2  
  103  10:18  Queen  
  103  10:19  Drone x2  
  103  10:20  Drone x7  
  113  10:22  Overlord  
  113  10:25  Infestation Pit, Tunneling Claws  
  112  10:28  Burrow  
  111  10:44  Zerg Missile Weapons Level 2  
  111  11:03  Roach x9  
  111  11:04  Zergling x8, Roach x3  
  139  11:19  Zerg Ground Armor Level 2  
  139  11:20  Overlord  
  139  11:21  Overlord  
  139  11:24  Roach x3  
  145  11:31  Hydralisk Den  
  145  11:32  Overlord  
  144  11:33  Drone  
  145  11:49  Roach x4  
  145  11:50  Roach x3  
  144  12:25  Hatchery  
  144  12:27  Roach  
  144  12:28  Roach x11  
  162  12:47  Spine Crawler  
  162  12:48  Roach  
  162  12:49  Spine Crawler  
  151  13:01  Queen  
  151  13:02  Drone x2  
  151  13:03  Drone x4  
  155  13:11  Overseer  
  155  13:12  Overseer x2  
  144  13:13  Spore Crawler  
  144  13:14  Drone  
  129  13:20  Roach  
  122  13:33  Ravager x3  
  122  13:34  Ravager  
  126  13:38  Roach x19  
  126  13:45  Roach x2  
  126  13:48  Drone x12  
  132  13:54  Extractor, Roach x17  
  137  14:02  Roach  
  143  14:03  Roach x2  
Tags
 
Add a new tag
Caveats
  • Supply blocks, unpowered buildings, or Contaminate may cause inaccurate times.
  • Supply counts are checked every 10 seconds.